 Dungeon Crawl Stone Soup version 0.28-a0-1520-gc3277d3759 (webtiles) character file.

Game seed: 3680150326944103338

172 esteth the Skirmisher (level 5, -18/48 HPs)
             Began as a Hill Orc Fighter on Jan 17, 2022.
             Demolished by an ogre (24 damage)
             ... on level 3 of the Dungeon.
             The game lasted 00:05:14 (2415 turns).

esteth the Skirmisher (Hill Orc Fighter)            Turns: 2415, Time: 00:05:15

Health: -18/48     AC:  8    Str: 19      XL:     5   Next: 52%
Magic:  5/5        EV:  9    Int:  8 (10) God:
Gold:   92         SH:  4    Dex:  9 (10) Spells: 4/4 levels left

rFire   . . .      SeeInvis .   a - +0 war axe
rCold   . . .      Faith    .   c - +0 buckler
rNeg    . . .      Spirit   .   b - +0 scale mail
rPois   .          Reflect  .   d - +0 helmet
rElec   .          Harm     .   (no cloak)
rCorr   .          Rampage  .   (no gloves)
Will    .....                   (no boots)
Stlth   ..........              (no amulet)
HPRegen 0.16/turn               (no ring)
MPRegen 0.09/turn               (no ring)

@: no status effects
A: no striking features
a: no special abilities


You were on level 3 of the Dungeon.
You visited 1 branch of the dungeon, and saw 3 of its levels.

You collected 92 gold pieces.

Inventory:

Hand Weapons
 a - a +0 war axe (weapon)
Armour
 b - a +0 scale mail (worn)
 c - a +0 buckler (worn)
 d - a +0 helmet (worn)
Scrolls
 e - a scroll of magic mapping {unknown}
 f - 2 scrolls of identify {unknown}
 g - a scroll of teleportation {unknown}
 h - a scroll of amnesia {unknown}
Potions
 i - a potion of attraction {unknown}


   Skills:
 + Level 5.1 Fighting
 + Level 4.7 Axes
 - Level 3.2 Armour
 + Level 4.6 Shields


You had 4 spell levels left.
You didn't know any spells.
Your spell library contained the following spells:

 Spells                   Type           Power      Damage    Failure   Level
 Tukima's Dance           Hex            0%         N/A       99%         3
 Passage of Golubria      Tloc           0%         N/A       100%        4
 Yara's Violent Unravell  Hex/Tmut       0%         3d3       100%        5


Dungeon Overview and Level Annotations

Branches:
Dungeon (3/15)

Altars:

Shops:
D:3 [


Message History

You hit the ogre.
The ogre is moderately wounded.
The ogre hits you with a +0 giant club. The ogre barely misses you.
You completely miss the ogre.
The ogre is moderately wounded.
You closely miss the ogre.
The ogre is moderately wounded.
The ogre hits you with a +0 giant club!!
Ouch! That really hurt!
You are too injured to fight recklessly!
You are too injured to fight recklessly!
You see here 5 gold pieces.
The ogre barely misses you.
You aren't carrying any items that you can evoke.
Cleave: a) +0 war axe
Press: ? - help, Dir - move target, f - you
Okay, then.
You don't know any spells.
Okay, then.
There is an entrance to Xoiraido's Antique Armour Boutique here.
You are too injured to fight recklessly!
You slash the ogre!
The ogre is severely wounded.
The ogre barely misses you.
You barely miss the ogre.
The ogre is severely wounded.
The ogre closely misses you.
You hit the ogre.
The ogre is severely wounded.
The ogre hits you with a +0 giant club!
* * * LOW HITPOINT WARNING * * *
You barely miss the ogre.
The ogre is severely wounded.
The ogre hits you with a +0 giant club.
* * * LOW HITPOINT WARNING * * *
You barely miss the ogre.
The ogre is severely wounded.
The ogre hits you with a +0 giant club!!
Ouch! That really hurt!
You die...

#. #$######?
#.######.######.
#...............
#..#####.###.... #..#
#.# .. # #..# #..
#.##.∩#####..#
#....O.......#
####.@######.# #..# .#
#..# #
###########..######.#
#........##...#.....#
#.######.##.........#
#.######.####.#.###.#
#...................###
#.#.####.####.#.#####.##
#


You could see an ogre.

Vanquished Creatures
  A jelly (D:3)
  A centaur skeleton (D:3)
  An orc priest (D:3)
  An orc wizard (D:3)
  An adder (D:2)
  A dart slug (D:1)
  5 orcs (D:3)
  4 ball pythons
  7 endoplasms
  A giant cockroach (D:1)
  A goblin (D:1)
  2 hobgoblins (D:1)
  2 jackals (D:2)
  3 kobolds
  A quokka (D:1)
  4 bats
  3 frilled lizards
  4 rats
43 creatures vanquished.

Notes
Turn   | Place    | Note
-------+----------+-------------------------------------------
     0 | D:1      | esteth the Hill Orc Fighter began the quest for the Orb.
     0 | D:1      | Reached XP level 1. HP: 19/19 MP: 1/1
   392 | D:1      | Reached XP level 2. HP: 27/27 MP: 2/2
   708 | D:1      | Reached skill level 4 in Fighting
   930 | D:1      | Found a faded altar of an unknown god.
  1212 | D:2      | Reached XP level 3. HP: 33/33 MP: 3/3
  1708 | D:3      | Reached XP level 4. HP: 26/41 MP: 4/4
  1751 | D:3      | HP: 3/61 [orc (3)]
  2162 | D:3      | Reached XP level 5. HP: 36/47 MP: 5/5
  2277 | D:3      | Reached skill level 5 in Fighting
  2365 | D:3      | Found Xoiraido's Antique Armour Boutique.
  2392 | D:3      | Noticed an ogre
  2415 | D:3      | Demolished by an ogre

Illustrated notes

Levels and vault maps discovered:
D:1:      dpeg_arrival_long_road, layout_basic,
          dreamdust_ecumenical_altar_hidden_monk_grotto,
          chequers_serial_rivers_large_a
D:2:      layout_rooms, amcnicky_mini_corridor_feature
D:3:      layout_loops_ring, serial_shops, shop

Skill      XL: |  1  2  3  4  5 |
---------------+----------------+-----
Axes           | 3 4 |  4.7
Fighting       | 4 5 |  5.1
Shields        | 4 |  4.6
Armour         | |  3.2

Action                   |  1- 3 |  4- 6 || total
-------------------------+-------+-------++-------
Melee: War axe           |    98 |    58 ||   156
  Use: Potion            |       |     5 ||     5
Armor: Scale mail        |    43 |    26 ||    69
       Skin              |       |    26 ||    26
Dodge: Dodged            |    40 |    29 ||    69
Block: Buckler           |    24 |    10 ||    34

Table legend: (Time is in decaauts)
 A = Elapsed time spent in this place.
 B = Non-inter-level travel time spent in this place.
 C = Inter-level travel time spent in this place.
 D = Time resting spent in this place.
 E = Time spent auto-exploring this place.
 F = Levels seen in this place.
 G = Mean time per level.
                   A        B        C        D        E       F      G
               +--------+--------+--------+--------+--------+-----+--------+
         Total |   2481 |   2456 |     25 |    711 |   1338 |   3 |  827.0 |
       Dungeon |   2481 |   2456 |     25 |    711 |   1338 |   3 |  827.0 |
               +--------+--------+--------+--------+--------+-----+--------+

Top non-repeatable levels by time:
     D:1: 1238 daAuts
     D:3: 760 daAuts
     D:2: 483 daAuts
